 Dungeon Crawl Stone Soup version 0.26-a0-946-g9485abf61d (webtiles) character file.

Game seed: 12033968310385802878

10013 Ge0ff the Slinger (level 11, -1/80 HPs)
             Began as a Halfling Hunter on Nov 28, 2020.
             Was an Initiate of Gozag.
             Slain by a tentacled starspawn (29 damage)
             ... on level 2 of the Abyss.
             The game lasted 00:51:06 (13885 turns).

Ge0ff the Slinger (Halfling Hunter)                Turns: 13885, Time: 00:51:07

Health: -1/80      AC: 19    Str: 14    XL:     11   Next: 85%
Magic:  11/11      EV: 18    Int:  9    God:    Gozag
Gold:   1562       SH:  0    Dex: 24    Spells: 10/10 levels left

rFire    . . .     SeeInvis .   a - +2 hunting sling
rCold    + . .     Faith    .   (shield restricted)
rNeg     . . .     Spirit   .   I - +3 chain mail {rC+}
rPois    .         Reflect  .   R - +0 helmet
rElec    .         Harm     .   t - +0 cloak
rCorr    .         Rampage  .   r - +0 pair of gloves
MR       .....                  Y - +0 pair of boots
Stlth    ..........             (no amulet)
HPRegen  0.23/turn              v - +4 ring of evasion {=R}
MPRegen  0.12/turn              D - +6 ring of dexterity

@: no status effects
A: small, mutation resistance 1
a: Potion Petition, Call Merchant, Bribe Branch, Renounce Religion


You were on level 2 of the Abyss.
You worshipped Gozag.
Gozag was most pleased with you.
You visited 2 branches of the dungeon, and saw 12 of its levels.
You visited the Abyss 1 time.

You collected 2081 gold pieces.
You spent 415 gold pieces at shops.
You paid 104 gold pieces to Gozag.

Inventory:

Hand Weapons
 a - a +2 hunting sling (weapon)
 b - a +2 demon whip of venom {don't train}
 h - a -3 lajatang
 E - a +2 rapier of venom {don't train}
 O - a +0 mace of distortion {don't train}
Missiles
 f - 267 stones {don't train}
 g - 2 throwing nets {don't train=f}
 o - 70 sling bullets (quivered)
 s - 3 datura-tipped darts {don't train=f}
 u - 53 poisoned darts {don't train}
 w - 3 atropa-tipped darts {don't train}
 F - 6 boomerangs {don't train}
Armour
 r - a +0 pair of gloves (worn)
 t - a +0 cloak (worn)
 I - a +3 chain mail of cold resistance (worn)
 L - the +1 ice dragon scales "Xitaupsigi" {Harm rF- rC++ Str+6 Dex-4}
   (You found it on level 7 of the Dungeon)

   It affects your strength (+6).
   It affects your dexterity (-4).
   It makes you vulnerable to fire.
   It greatly protects you from cold.
   It increases damage dealt and taken.
 R - a +0 helmet (worn)
 Y - a +0 pair of boots (worn)
Jewellery
 v - a +4 ring of evasion (left hand) {=R}
 y - an uncursed ring of positive energy
 D - a +6 ring of dexterity (right hand)
 G - a +4 ring of protection
 J - an uncursed ring of wizardry
 X - an uncursed ring of fire
Wands
 d - a wand of digging (7)
 j - a wand of acid (5)
 k - a wand of iceblast (18)
 p - a wand of paralysis (9)
 x - a wand of random effects (27)
 P - a wand of polymorph (1)
Scrolls
 m - 2 scrolls of magic mapping
 C - 4 scrolls of remove curse
 Q - 4 scrolls of enchant armour
 S - a scroll of summoning
 T - 6 scrolls of teleportation
 U - a scroll of fear {unknown}
 V - a scroll of enchant weapon
Potions
 q - 6 potions of curing
 z - 4 potions of brilliance
 A - 3 potions of attraction
 B - 3 potions of ambrosia {unknown}
 H - a potion of haste {!q}
 K - 2 potions of invisibility {unknown}
 M - a potion of magic {unknown}
 N - 3 potions of might {unknown}
 W - a potion of heal wounds {!q}
 Z - 2 potions of berserk rage {!q}


   Skills:
 * Level 9.1 Fighting
 + Level 14.7 Slings
 + Level 7.6 Armour
 + Level 8.0 Dodging
 - Level 3.0 Stealth
 + Level 4.1 Evocations


You had 10 spell levels left.
You didn't know any spells.
Your spell library contained the following spells:

 Spells                   Type           Power        Failure   Level
 Animate Skeleton         Necr           #.....       100%        1
 Corona                   Hex            #......      100%        1
 Pain                     Necr           #...         100%        1
 Slow                     Hex            #.......     100%        2
 Inner Flame              Hex/Fire       #.......     100%        3
 Portal Projectile        Hex/Tloc       #.....       100%        3
 Vampiric Draining        Necr           #.........   100%        3
 Animate Dead             Necr           #.........   100%        4
 Cause Fear               Hex            #.........   100%        4
 Leda's Liquefaction      Hex/Erth       #.........   100%        4
 Agony                    Necr           #.......     100%        5


Dungeon Overview and Level Annotations

Branches:
Dungeon (11/15)            Temple (1/1) D:5             Orc (0/2) D:9
   Lair: D:8-11

Altars:
Ashenzari
Cheibriados
Dithmenos
Elyvilon
Fedhas
Gozag
Hepliaklqana
Kikubaaqudgha
Makhleb
Nemelex Xobeh
Okawaru
Qazlal
Ru
Sif Muna
Trog
Uskayaw
Vehumet
Wu Jian
Xom
Yredelemnul
Zin
The Shining One

Shops:
D:5 *[   D:7 !

Portals:
Abyss: D:9

Annotations:
D:9 2 transporters (LRD ghost), Tux's ghost, novice FoEE


Innate Abilities, Weirdness & Mutations

You are small and have problems with some larger weapons.
You are somewhat resistant to further mutation.


Message History

Aim: a tentacled starspawn (severely damaged)
You shoot a sling bullet.
The sling bullet hits the tentacled starspawn but does no damage.
The tentacled starspawn is severely damaged.
The tentacled starspawn bites you! The tentacled starspawn engulfs you.
Fire: 72 sling bullets
Press: ? - help, Q - select action, (/) - cycle Shift-Dir - straight line, f/p - tentacled starspawn
Aim: a tentacled starspawn (severely damaged)
You shoot a sling bullet.
The sling bullet hits the tentacled starspawn.
The tentacled starspawn is severely damaged.
Fire: 71 sling bullets
Press: ? - help, Q - select action, (/) - cycle Shift-Dir - straight line, f/p - tentacled starspawn
Aim: a tentacled starspawn (severely damaged)
You shoot a sling bullet.
The sling bullet hits the tentacled starspawn!
The tentacled starspawn is severely damaged.
The tentacled starspawn bites you!!
You die...
Your body crumbles into a pile of gold.

...#.####......#
#. ..##.###..# #
).##..#.........
..
##.............#
#..
..#..#...###.. #
.
#..#......#..#..
##.......#......
#...............
#..#.#@X####
###.# ##.#..#w.#
## # #..###(#
### (. #(. .(.#
.. $ ยง.


You could see a tentacled starspawn and a starspawn tentacle.

Vanquished Creatures
  3 two-headed ogres
  An ugly thing (D:11)
  Joseph (D:7)
  Maggie (D:7)
  2 trolls
  A hornet (D:10)
  A shadow (D:11)
  A vampire (D:9)
  2 wyverns
  4 yaks (D:9)
  Menkaure (D:7)
  2 wargs (D:9)
  2 water moccasins
  Duvessa (D:5)
  An orc warrior (D:9)
  6 ogres
  4 sky beasts
  A necrophage (D:10)
  A phantom (D:7)
  A black bear (D:8)
  3 centaurs
  2 big kobolds
  Blork the orc (D:6)
  5 bullfrogs
  2 gnoll sergeants (D:9)
  4 scorpions
  Dowan (D:5)
  5 killer bees
  3 howler monkeys
  5 electric eels (D:7)
  2 bullfrog zombies
  3 hounds
  A quasit (D:8)
  4 centaur zombies
  3 jellies
  2 centaur skeletons
  2 bullfrog skeletons
  5 orc priests
  3 orc wizards
  3 iguanas (D:5)
  5 worker ants
  A killer bee zombie (D:8)
  3 hound zombies
  A hound skeleton (D:7)
  4 worker ant zombies (D:5)
  A howler monkey zombie (D:5)
  7 gnolls (D:9)
  11 adders
  2 white imps
  2 ufetubi
  3 adder zombies
  3 adder skeletons
  4 worms
  A dart slug (D:1)
  3 leopard geckos
  31 orcs
  4 bats
  10 giant cockroaches
  6 goblins
  9 hobgoblins
  12 jackals
  17 kobolds
  5 quokkas
  2 ball pythons
  2 frilled lizards (D:3)
  A giant cockroach zombie (D:5)
  A jackal skeleton (D:5)
  A jackal zombie (D:5)
  2 leopard gecko skeletons
  2 leopard gecko zombies
  3 quokka skeletons (D:5)
  5 rats
260 creatures vanquished.

Vanquished Creatures (collateral kills)
  A gnoll (D:9)
1 creature vanquished.

Vanquished Creatures (others)
  An electric eel (D:7)
  2 plants (D:7)
  3 starspawn tentacles (Abyss:2)
  2 withered plants (D:5)
8 creatures vanquished.

Grand Total: 269 creatures vanquished

Notes
Turn   | Place    | Note
-------+----------+-------------------------------------------
     0 | D:1      | Ge0ff the Halfling Hunter began the quest for the Orb.
     0 | D:1      | Reached XP level 1. HP: 14/14 MP: 1/1
   103 | D:1      | Reached XP level 2. HP: 19/19 MP: 2/2
   294 | D:1      | Reached XP level 3. HP: 23/24 MP: 3/3
   383 | D:1      | Reached skill level 1 in Armour
   390 | D:1      | Reached skill level 6 in Slings
  1046 | D:2      | Noticed an ogre
  1057 | D:2      | Killed an ogre
  1058 | D:2      | Reached skill level 7 in Slings
  1058 | D:2      | Reached XP level 4. HP: 29/29 MP: 4/4
  1058 | D:2      | Reached XP level 5. HP: 34/34 MP: 5/5
  1167 | D:2      | Found a burning altar of Makhleb.
  1287 | D:2      | You fall into a shaft and drop 1 floor!
  1446 | D:3      | Reached skill level 8 in Slings
  2947 | D:4      | Reached XP level 6. HP: 39/39 MP: 6/6
  3056 | D:4      | Noticed an ogre
  3082 | D:4      | Killed an ogre
  3083 | D:4      | Reached skill level 9 in Slings
  3334 | D:4      | Reached XP level 7. HP: 45/45 MP: 7/7
  3348 | D:4      | Reached skill level 10 in Slings
  3661 | D:4      | Found a broken altar of Ashenzari.
  3701 | D:5      | Entered Level 5 of the Dungeon
  3785 | D:5      | Found a staircase to the Ecumenical Temple.
  3791 | D:5      | Reached skill level 11 in Slings
  3799 | Temple   | Entered the Ecumenical Temple
  3958 | Temple   | Became a worshipper of Gozag Ym Sagoz the Greedy
  4290 | D:5      | Reached XP level 8. HP: 50/50 MP: 8/8
  4386 | D:5      | Reached skill level 12 in Slings
  4769 | D:5      | Found Daudoc's Antique Armour Boutique.
  4775 | D:5      | Bought a runed chain mail for 217 gold pieces
  5179 | D:5      | Noticed Duvessa
  5185 | D:5      | Noticed Dowan
  5280 | D:5      | Killed Dowan
  5309 | D:5      | Found Qits's Assorted Antiques.
  5328 | D:5      | Bought a scroll labelled UTEREE GIOTI for 16 gold pieces
  5328 | D:5      | Bought a scroll labelled UTEREE GIOTI for 16 gold pieces
  5328 | D:5      | Bought a sapphire ring for 80 gold pieces
  5328 | D:5      | Bought a wand of random effects (24) for 16 gold pieces
  5425 | D:5      | Killed Duvessa
  5426 | D:5      | Reached XP level 9. HP: 24/58 MP: 9/9
  6321 | D:6      | Noticed Blork the orc
  6338 | D:6      | Killed Blork the orc
  6689 | D:6      | Noticed Eustachio
  6696 | D:6      | Noticed Eustachio
  6696 | D:6      | Eustachio changed into Eustachio the wyvern
  6703 | D:6      | Killed Eustachio the wyvern
  6993 | D:7      | Reached skill level 5 in Fighting
  6993 | D:7      | Reached skill level 5 in Dodging
  7286 | D:7      | Noticed Joseph
  7318 | D:7      | Killed Joseph
  7319 | D:7      | Reached skill level 13 in Slings
  7405 | D:7      | Found Diapp's Distillery.
  7413 | D:7      | Bought a potion of heal wounds for 70 gold pieces
  7659 | D:7      | Reached skill level 5 in Armour
  7828 | D:7      | Reached XP level 10. HP: 68/68 MP: 10/10
  7939 | D:7      | Got smoking ice dragon scales
  7950 | D:7      | Identified the cursed +1 ice dragon scales "Xitaupsigi"
                  | {Harm rF- rC++ Str+6 Dex-4} (You found it on level 7 of the
                  | Dungeon)
  8266 | D:7      | Noticed Maggie
  8280 | D:7      | Killed Maggie
  8367 | D:7      | Found a glowing golden altar of the Shining One.
  8496 | D:7      | Found a glowing silver altar of Zin.
  8637 | D:7      | Noticed Menkaure
  8639 | D:7      | Killed Menkaure
  8858 | D:8      | Noticed a two-headed ogre
  9522 | D:8      | Found a white marble altar of Elyvilon.
  9586 | D:8      | Noticed a two-headed ogre
  9604 | D:8      | Killed a two-headed ogre
  9605 | D:8      | Reached skill level 1 in Evocations
 10098 | D:8      | Killed a two-headed ogre
 10099 | D:8      | Reached skill level 14 in Slings
 10099 | D:8      | Reached XP level 11. HP: 60/76 MP: 11/11
 10194 | D:8      | Found a stormy altar of Qazlal.
 10201 | D:8      | Found a white marble altar of Elyvilon.
 10606 | D:9      | Found a staircase to the Orcish Mines.
 10793 | D:9      | Paralysed by a gnoll for 5 turns
 11221 | D:9      | Found a transporter.
 11253 | D:9      | Found a transporter.
 11255 | D:9      | Found a one-way gate to the infinite horrors of the Abyss.
 11255 | D:9      | Noticed Tux's ghost (novice FoEE)
 11255 | D:9      | Noticed a wizard
 11258 | D:9      | Identified the +4 battleaxe of Cowardice {distort, rPois}
 11258 | D:9      | Noticed a skeletal warrior
 11259 | D:9      | Noticed a toenail golem
 11268 | D:9      | Noticed a cyan ugly thing
 12357 | D:10     | Entered Level 10 of the Dungeon
 12840 | D:10     | Noticed a two-headed ogre
 12852 | D:10     | Killed a two-headed ogre
 13448 | D:11     | Noticed a purple ugly thing
 13495 | D:11     | Killed a purple ugly thing
 13840 | D:11     | Noticed a wizard
 13840 | D:11     | Noticed a +8 triple sword
 13847 | D:11     | Cast into level 2 of the Abyss (a wizard)
 13859 | Abyss:2  | Noticed a tentacled starspawn
 13885 | Abyss:2  | Slain by a tentacled starspawn

Illustrated notes

Levels and vault maps discovered:
D:1:      dpeg_arrival_three_same_balls, layout_rooms, minmay_small_reverse_x
D:2:      layout_loops_cross, lemuel_doored_altar
D:3:      layout_basic
D:4:      layout_gridville, kennysheep_little_box, minmay_cupped
D:5:      layout_gridville, temple_green, serial_undead, serial_undead_c,
          serial_undead_c, serial_undead_b, serial_undead_c, serial_undead_a,
          serial_undead_d, serial_undead_a, serial_undead_e, serial_undead_f,
          serial_undead_b, serial_shops, shop, shop, uniq_duvessa
D:6:      layout_loops_ring, uniq_blork_the_orc, uniq_eustachio
D:7:      cheibrodos_two_vegetables, layout_loops_corners, zin_statuary,
          nicolae_tso_carved_into_rock, serial_shops,
          nicolae_shop_temple_entry_statues_fountains, uniq_maggie, uniq_joseph,
          uniq_menkaure
D:8:      layout_loops_ring, amethyst_overflow_temple_binary, basic_altar,
          columned_hall_lemuel
D:9:      layout_basic, minmay_orc_entry_guard_dogs,
          gammafunk_ghost_abyssal_escape
D:10:     layout_irregular_city
D:11:     layout_roguey, lair_entry_dummy, ebering_dispersal_statue_hall,
          sword_in_stone
Temple:   eino_temple_scatter_basement
Abyss:2:  base: D:8, hangedman_abyss_or_decor_clamps

Skill      XL: |  1  2  3  4  5  6  7  8  9 10 11 |
---------------+----------------------------------+-----
Stealth        | 2 3 |  3.0
Armour         | 2 3 5 6 7 |  7.6
Slings         | 7 8 9 11 12 13 14 | 14.7
Fighting       | 2 4 5 7 9 |  9.1
Dodging        | 3 4 5 7 8 |  8.0
Evocations     | 2 4 |  4.1

Action                   |  1- 3 |  4- 6 |  7- 9 | 10-12 || total
-------------------------+-------+-------+-------+-------++-------
 Fire: Hunting sling     |   115 |   162 |   449 |   774 ||  1500
Throw: Dart              |       |    31 |    27 |    10 ||    68
Evoke: Wand              |       |       |    22 |    32 ||    54
  Use: Scroll            |     1 |     1 |     8 |     7 ||    17
Armor: Leather armour    |     3 |       |       |       ||     3
       Ring mail         |     2 |     9 |     5 |       ||    16
       Chain mail        |       |       |    44 |    88 ||   132
Dodge: Dodged            |    38 |    16 |   112 |   216 ||   382

Table legend: (Time is in decaauts)
 A = Elapsed time spent in this place.
 B = Non-inter-level travel time spent in this place.
 C = Inter-level travel time spent in this place.
 D = Time resting spent in this place.
 E = Time spent auto-exploring this place.
 F = Levels seen in this place.
 G = Mean time per level.
                   A        B        C        D        E       F      G
               +--------+--------+--------+--------+--------+-----+--------+
         Total |  13361 |  12660 |    701 |    576 |   8970 |  13 | 1027.8 |
       Dungeon |  13154 |  12471 |    683 |    576 |   8817 |  11 | 1195.8 |
        Temple |    177 |    159 |     18 |      0 |    153 |   1 |  177.0 |
         Abyss |     29 |     29 |      0 |      0 |      0 |   1 |   29.0 |
               +--------+--------+--------+--------+--------+-----+--------+

Top non-repeatable levels by time:
     D:7: 2034 daAuts
     D:5: 1789 daAuts
     D:9: 1692 daAuts
     D:8: 1486 daAuts
     D:3: 1355 daAuts
     D:6: 1107 daAuts
    D:10: 924 daAuts
     D:4: 819 daAuts
     D:2: 764 daAuts
     D:1: 706 daAuts
    D:11: 473 daAuts
  Temple: 177 daAuts
 Abyss:2: 29 daAuts
